AoeStats
← AlejoLodbrok

Black Forest

509986270Analyzed
2v2 RM · 2d ago on Sep 28, 2026· 55m 32s· 4 players
Game mode
Random Map
Map size
Medium (4 player)
Population
200
Speed
Normal
Resources
Standard
Victory
Conquest
Starting age
Dark Age
Ending age
Imperial Age
RankedLock teamsTeams togetherTeam positionsShared explorationLock speedFull tech treeHidden civsTurbo modeCheats
Victory
Defeat
🇺🇸 Burgundians · United States
636
+14
🇺🇸 Goths · United States
607
+15
🇨🇴 Cumans · Colombia
608
-15
🇨🇴 Malay · Colombia
576
-14
SupremestStone
2:28 Loom
14:51 Feudal Age
17:30 Double-Bit Axe
22:42 Castle Age
21:15 Horse Collar
23:43 Bow Saw
25:05 Wheelbarrow
24:51 Heavy Plow
37:56 Imperial Age
36:28 Fletching
37:08 Bodkin Arrow
38:55 Ballistics
39:18 Padded Archer Armor
38:45 Elite Kipchak
39:46 Conscription
40:50 Forging
40:40 Scale Mail Armor
42:06 Chemistry
42:07 Iron Casting
41:48 Leather Archer Armor
40:57 Man-at-Arms
42:30 Hand Cart
42:20 Long Swordsman
43:01 Squires
42:47 Arson
43:28 Two-Handed Swordsman
45:39 Caravan
46:02 Champion
47:11 Gold Mining
52:16 Blast Furnace
51:32 Chain Mail Armor
53:50 Pikeman
55:22 Plate Mail Armor
AlejoLodbrok
1:16 Loom
16:10 Feudal Age
18:22 Double-Bit Axe
18:50 Forging
20:58 Horse Collar
26:05 Castle Age
24:52 Wheelbarrow
25:45 Stone Mining
27:20 Stone Shaft Mining
26:36 Gold Mining
27:38 Iron Casting
27:04 Padded Archer Armor
30:08 Heavy Plow
34:02 Bow Saw
34:41 Murder Holes
37:29 Imperial Age
35:55 Hand Cart
36:31 Gold Shaft Mining
38:29 Chemistry
37:10 Treadmill Crane
40:41 Conscription
42:03 Caravan
41:34 Elite Skirmisher
44:57 Blast Furnace
44:14 Leather Archer Armor
54:07 Pikeman
54:47 Squires
Kenshin Brown
0:37 Loom
10:50 Wheelbarrow
12:33 Feudal Age
11:53 Double-Bit Axe
11:50 Horse Collar
14:16 Hand Cart
14:16 Bow Saw
14:59 Heavy Plow
17:26 Stone Mining
17:27 Gold Mining
20:33 Gold Shaft Mining
20:34 Stone Shaft Mining
23:51 Castle Age
27:20 Caravan
34:12 Fletching
38:46 Imperial Age
37:50 Bodkin Arrow
38:06 Forging
37:56 Scale Mail Armor
38:03 Scale Barding Armor
37:58 Padded Archer Armor
39:34 Iron Casting
39:15 Chain Mail Armor
39:45 Chain Barding Armor
39:41 Leather Archer Armor
39:29 Onager
40:39 Conscription
40:27 Squires
40:55 Burgundian Vineyards
41:32 Cavalier
42:42 Bracer
43:43 Blast Furnace
43:13 Plate Mail Armor
42:39 Elite Coustillier
42:44 Paladin
43:25 Husbandry
42:46 Light Cavalry
47:00 Plate Barding Armor
50:51 Chemistry
50:12 Ballistics
EL Loodo
8:19 Loom
15:37 Feudal Age
17:31 Wheelbarrow
18:09 Horse Collar
18:19 Double-Bit Axe
19:01 Stone Mining
22:26 Castle Age
27:21 Imperial Age
25:06 Heavy Plow
28:22 Bow Saw
30:01 Hand Cart
34:32 Gold Mining
36:18 Caravan
36:42 Anarchy
36:34 Elite Huskarl
38:14 Scale Mail Armor
38:26 Forging
38:34 Perfusion
40:35 Two-Man Saw
41:58 Squires
42:37 Iron Casting
43:15 Chain Mail Armor
43:04 Capped Ram
46:45 Blast Furnace
46:23 Masonry
49:02 Ballistics
52:56 Heavy Scorpion
Connection lost

Rejoining the realm…

Still unreachable

The connection could not be restored.

Session expired

The server has moved on; the page needs a fresh start.